 Dungeon Crawl Stone Soup version 0.30-a0-799-g109b55a442 (webtiles) character file.

Game seed: 16781557035981924415

368 greasedhog the Ruffian (level 6, 0/37 HPs)
             Began as a Gargoyle Transmuter on Feb 20, 2023.
             Slain by an iron imp (7 damage)
             ... summoned by Eustachio
             ... on level 5 of the Dungeon.
             The game lasted 00:05:08 (3195 turns).

greasedhog the Ruffian (Gargoyle Transmuter)        Turns: 3195, Time: 00:05:09

Health: 0/37       AC: 12    Str: 16    XL:     6   Next: 69%
Magic:  9/9        EV: 12    Int: 13    God:
Gold:   99         SH:  0    Dex: 10    Spells: 8/9 levels left

rFire   . . .      SeeInvis .      - Unarmed
rCold   . . .      Faith    .    (no shield)
rNeg    + . .      Spirit   .    j - +0 leather armour
rPois   ∞          Reflect  .    g - +0 helmet
rElec   +          Harm     .    (no cloak)
rCorr   .          Rampage  .    (no gloves)
Will    +....                    (no boots)
Stlth   +                        (no amulet)
HPRegen 0.26/turn                c - +4 ring of protection
MPRegen 0.11/turn                i - ring of willpower

@: about to teleport
A: sickness immunity, AC +4, negative energy resistance 1, electricity
resistance, torment resistance 1, petrification resistance
a: no special abilities


You were on level 5 of the Dungeon.
You visited 1 branch of the dungeon, and saw 5 of its levels.
You also visited: Sewer.

You collected 99 gold pieces.

Inventory:

Armour
 g - a +0 helmet (worn)
 j - a +0 leather armour (worn)
Jewellery
 c - a +4 ring of protection (left hand)
 i - a ring of willpower (right hand)
 o - a ring of ice
Wands
 d - a wand of roots (7)
Scrolls
 a - a scroll of magic mapping
 f - a scroll of fog {unknown}
 h - 2 scrolls of enchant armour
 l - a scroll of blinking {unknown}
 m - a scroll of brand weapon {unknown}
 n - 2 scrolls of fear {unknown}
 q - 2 scrolls of identify
Potions
 b - a potion of lignification
 k - 2 potions of mutation {unknown}
 p - a potion of cancellation {unknown}
 r - a potion of might {unknown}


   Skills:
 + Level 3.6 Fighting
 + Level 3.1 Dodging
 * Level 5.5 Unarmed Combat
 - Level 2.0 Spellcasting
 - Level 1.5 Transmutations


You had 8 spell levels left.
You knew the following spells:

 Your Spells              Type           Power      Damage    Failure   Level
a - Beastly Appendage     Tmut           10%        N/A       17%         1

Your spell library contained the following spells:

 Spells                   Type           Power      Damage    Failure   Level
 Wereblood                Tmut           5%         N/A       26%         2
 Summon Small Mammal      Summ           4%         N/A       30%         1
 Spider Form              Tmut/Pois      3%         N/A       56%         3
 Call Canine Familiar     Summ           1%         N/A       67%         3
 Summon Guardian Golem    Hex/Summ       1%         N/A       67%         3
 Ice Form                 Ice/Tmut       3%         N/A       92%         4


Dungeon Overview and Level Annotations

Branches:
Dungeon (4/15)              Sewer (visited)
 Temple: D:4-7

Altars:
Cheibriados
Hepliaklqana
Kikubaaqudgha
Makhleb
Okawaru
Sif Muna
Vehumet
Xom
Yredelemnul
The Shining One

Annotations:
D:5 Eustachio


Innate Abilities, Weirdness & Mutations

You are immune to sickness and miasma.
Your stone body is resilient. (AC +4)
You are immune to poison.
You resist negative energy. (rN+)
You are resistant to electric shocks. (rElec)
You are resistant to unholy torment.
You are immune to petrification.


Message History

You see here a jackal corpse.
Eustachio drinks a potion.
Eustachio suddenly seems more resistant.
You barely miss Eustachio. Eustachio closely misses you.
You hit Eustachio. You claw Eustachio, but do no damage.
Eustachio is lightly wounded.
Eustachio mumbles some strange words.
You barely miss Eustachio. Your kick misses Eustachio.
Eustachio is lightly wounded.
Eustachio hits you but does no damage.
You barely miss Eustachio.
Eustachio is lightly wounded.
The white imp hits you but does no damage.
The iron imp hits you! Eustachio completely misses you.
You hit Eustachio. Your kick misses Eustachio.
Eustachio is lightly wounded.
Your horns disappear.
Your talons disappear.
Your +0 helmet unmelds from your body.
The white imp barely misses you.
The iron imp hits you but does no damage.
Eustachio screams, "Hey, you killed my favourite bat!"
Eustachio hits you but does no damage.
As you read the scroll of teleportation, it crumbles to dust.
You feel strangely unstable. The white imp gestures at you.
The puff of frost misses you. Eustachio closely misses you.
The iron imp barely misses you.
You barely miss Eustachio.
Eustachio is lightly wounded.
The white imp gestures at you. The puff of frost hits you!
The white imp hits you. The white imp freezes you.
* * * LOW HITPOINT WARNING * * *
Eustachio hits you but does no damage.
You hit the white imp but do no damage.
A jackal comes into view.
The white imp hits you.
* * * LOW HITPOINT WARNING * * *
The white imp freezes you.
* * * LOW HITPOINT WARNING * * *
The iron imp hits you!
You die...

....h.#
......# ......
....# ...# ###
..#
##.####@.###.#
#....5@5......
##.####5######
.########.#
...
..........#
###..
########### ##


You could see Eustachio (resistant), an iron imp (summoned), 2 white imps and a
jackal (wandering).

Vanquished Creatures
  Sigmund (D:2)
  An orc priest (D:3)
  Jessica (D:2)
  An orc wizard (D:4)
  A hell rat (Sewer)
  Robin (D:2)
  A river rat (Sewer)
  A worm (D:4)
  6 orcs
  4 endoplasms
  4 giant cockroaches
  13 goblins
  9 hobgoblins
  3 jackals
  3 kobolds
  3 quokkas (D:4)
  7 ball pythons
  4 bats
  2 frilled lizards
  10 rats
76 creatures vanquished.

Notes
Turn   | Place    | Note
-------+----------+-------------------------------------------
     0 | D:1      | greasedhog the Gargoyle Transmuter began the quest for the
                  | Orb.
     0 | D:1      | Reached XP level 1. HP: 12/12 MP: 3/3
   165 | D:1      | Reached XP level 2. HP: 16/16 MP: 3/5
   849 | D:1      | Reached XP level 3. HP: 17/21 MP: 6/6
   991 | D:2      | Noticed Jessica
   994 | D:2      | Killed Jessica
  1108 | D:2      | Noticed Robin
  1130 | D:2      | Reached skill level 4 in Unarmed Combat
  1130 | D:2      | Reached XP level 4. HP: 23/26 MP: 7/7
  1152 | D:2      | Killed Robin
  1381 | D:2      | Noticed Sigmund
  1392 | D:2      | Killed Sigmund
  1393 | D:2      | Reached skill level 5 in Unarmed Combat
  1393 | D:2      | Reached XP level 5. HP: 21/32 MP: 8/8
  1393 | D:2      | Reached XP level 6. HP: 25/37 MP: 9/9
  2100 | D:3      | Found an iron altar of Okawaru.
  2102 | D:3      | Found an ancient bone altar of Kikubaaqudgha.
  2145 | D:3      | Found a snail-covered altar of Cheibriados.
  2151 | D:3      | Found a shimmering altar of Xom.
  2153 | D:3      | Found a shimmering blue altar of Sif Muna.
  2154 | D:3      | Found a glowing golden altar of the Shining One.
  2168 | D:3      | Found a burning altar of Makhleb.
  2173 | D:3      | Found a basalt altar of Yredelemnul.
  2174 | D:3      | Found a hazy altar of Hepliaklqana.
  2406 | D:4      | Found a glowing drain.
  2412 | Sewer    | Entered a sewer
  3051 | D:4      | Found a radiant altar of Vehumet.
  3174 | D:4      | You fall into a shaft and drop 1 floor!
  3174 | D:5      | Entered Level 5 of the Dungeon
  3186 | D:5      | Noticed Eustachio
  3195 | D:5      | Slain by an iron imp

Illustrated notes

Levels and vault maps discovered:
D:1:      lightli_arrival_boilingwater, layout_basic, minivault_11,
          chequers_mini_garden, kennysheep_doodads, minmay_misc_feat_pillars,
          minmay_ruptured
D:2:      layout_basic, uniq_jessica, uniq_robin, uniq_sigmund
D:3:      layout_loops_cross, nicolae_overflow_hallway_of_the_gods,
          hangedman_abyss_or_decor_stabs
D:4:      layout_loops_ring, mainiacjoe_overflow_concentric_impassable,
          gup_sewer_entry_bubbles, uniq_pikel
D:5:      layout_loops_ring, elyvilon_altar_5, uniq_grinder, uniq_blork_the_orc,
          uniq_eustachio, uniq_edmund, uniq_duvessa, uniq_menkaure

Skill      XL: |  1  2  3  4  5  6 |
---------------+-------------------+-----
Fighting       | 2 3 |  3.6
Dodging        | 2 3 |  3.1
Unarmed Combat | 4 5 |  5.5
Spellcasting   | |  2.0
Transmutations | |  1.5

Action                     |  1- 3 |  4- 6 || total
---------------------------+-------+-------++-------
  Melee: Unarmed           |    72 |   142 ||   214
         Kick              |     8 |    21 ||    29
         Headbutt          |     2 |     9 ||    11
   Cast: Beastly Appendage |     9 |    15 ||    24
  Evoke: Wand              |       |     5 ||     5
    Use: Potion            |     2 |       ||     2
         Scroll            |       |     4 ||     4
   Stab: Sleeping          |     2 |       ||     2
 Armour: Robe              |    19 |    15 ||    34
         Skin              |     2 |     5 ||     7
         Leather armour    |       |    29 ||    29
  Dodge: Dodged            |    51 |    95 ||   146

Table legend: (Time is in decaauts)
 A = Elapsed time spent in this place.
 B = Non-inter-level travel time spent in this place.
 C = Inter-level travel time spent in this place.
 D = Time resting spent in this place.
 E = Time spent auto-exploring this place.
 F = Levels seen in this place.
 G = Mean time per level.
                   A        B        C        D        E       F      G
               +--------+--------+--------+--------+--------+-----+--------+
         Total |   3228 |   3078 |    150 |    133 |   2314 |   6 |  538.0 |
       Dungeon |   3016 |   2866 |    150 |     48 |   2267 |   5 |  603.2 |
         Sewer |    212 |    212 |      0 |     85 |     46 |   1 |  212.0 |
               +--------+--------+--------+--------+--------+-----+--------+

Top non-repeatable levels by time:
     D:1: 991 daAuts
     D:2: 895 daAuts
     D:3: 760 daAuts
     D:4: 349 daAuts
   Sewer: 212 daAuts
     D:5: 19 daAuts
